 Dungeon Crawl Stone Soup version 0.19.0-18-g426998a (webtiles) character file.

61 dysrexia the Insei (level 4, -2/28 HPs)
             Began as an Octopode Transmuter on Nov 12, 2016.
             Killed from afar by an orc wizard (7 damage)
             ... with a magic dart
             ... on level 3 of the Dungeon.
             The game lasted 00:06:28 (2570 turns).

dysrexia the Insei (Octopode Transmuter)            Turns: 2570, Time: 00:06:29

Health: -2/28      AC:  1    Str:  9    XL:     4   Next: 7%
Magic:  7/7        EV: 13    Int: 15    God:
Gold:   24         SH:  0    Dex: 13    Spells: 3 memorised, 1 level left

rFire  + . .     SeeInvis .       - Unarmed
rCold  + . .     Gourm    .     (no shield)
rNeg   . . .     Faith    .     (helmet restricted)
rPois  +         Spirit   .     d - amulet of magic regeneration
rElec  +         Reflect  .     (no ring)
rCorr  +         Harm     .     (no ring)
MR     .....                    (no ring)
Stlth  ++........               (no ring)
                                (no ring)
                                (no ring)
                                (no ring)
                                (no ring)

@: appendage (expiring), resistant, slowed, very slow
A: almost no armour, stealthy swim, amphibious, 8 rings, constrict 8, tentacle
spike 3, camouflage 1, gelatinous body 1
a: End Transformation


You were on level 3 of the Dungeon.
You were hungry.
One of your tentacles had a temporary spike.
You visited 1 branch of the dungeon, and saw 3 of its levels.

You collected 24 gold pieces.

Inventory:

Missiles
 a - 28 arrows
 l - 31 stones (quivered)
 p - 16 poisoned needles
Jewellery
 d - an amulet of magic regeneration (around mantle)
 m - an uncursed amulet of guardian spirit {unknown}
Scrolls
 j - a scroll of identify
 n - a scroll of enchant weapon {unknown}
 o - a scroll of fear
Potions
 h - a potion of lignification
 i - a potion of curing
 k - a potion of flight
Books
 b - a book of Changes

   Spells                             Type                      Level
   a - Beastly Appendage              Transmutation                1
   b - Sticks to Snakes               Transmutation                2
   c - Spider Form                    Transmutation/Poison         3
   d - Ice Form                       Ice/Transmutation            4
   e - Blade Hands                    Transmutation                5
Comestibles
 c - 2 bread rations
 f - 2 chunks of flesh
 g - a slice of pizza


   Skills:
 - Level 1.0 Fighting
 - Level 2.0 Dodging
 + Level 3.6 Unarmed Combat
 - Level 2.0 Spellcasting
 * Level 3.4 Transmutations
 + Level 1.0 Poison Magic


You had one spell level left.
You knew the following spells:

 Your Spells              Type           Power        Failure   Level  Hunger
a - Beastly Appendage     Tmut           ##....       8%          1    #......
b - Sticks to Snakes      Tmut           ##......     12%         2    ###....
c - Spider Form           Tmut/Pois      #.........   30%         3    ###....


Dungeon Overview and Level Annotations

Branches:
Dungeon (3/15)

Altars:


Innate Abilities, Weirdness & Mutations

You cannot wear most types of armour.
You are very stealthy in the water. (Stealth+)
You are amphibious.
You can wear up to eight rings at the same time.
You can use your tentacles to constrict eight enemies at once.
Your skin changes colour to match your surroundings (Stealth+).
Your rubbery body absorbs attacks. (AC +1, EV +1)
One of your tentacles bears a large vicious spike.


Message History

The orc wizard blinks!
The jackal misses you.
Your adder barely misses the jackal.
The orc wizard gestures wildly while chanting.
The orc wizard blinks!
The jackal barely misses you. The jackal bites you.
* * * LOW HITPOINT WARNING * * *
You tentacle-slap the jackal. Your grab misses the jackal.
You squeeze the jackal.
You kill the jackal!
You constrict the jackal.
You kill the jackal!
Your adder bites the orc.
The orc misses your adder.
Your adder bites the orc.
Your adder withers and dies!
The orc wizard mumbles some strange words.
The orc wizard blinks!
You tentacle-slap the orc.
You kill the orc!
Your transformation is almost over.
The orc wizard casts a spell at you. The magic dart hits you!
You die...

.....#....#.<....
#....................
#....?.#...........
#........#........# .
#......o..........##..
####.%.$...#.###...#..
...........#.o.......
......[........##†#.#
####.......##.)@...#
.#######....#####....#
#..#.# ....#....#..#
#.#....#..#.#
..#....###..#####.###.......
.......................#...#
######..........#.####.#...#
.######..............#.#...#
...................###.#...#
..>####.........÷..# #.....#


You could see an orc wizard.

Vanquished Creatures
  An ooze (D:1)
  3 worms (D:2)
  A dart slug (D:2)
  2 orcs (D:3)
  3 giant cockroaches (D:1)
  8 hobgoblins
  4 jackals
  4 kobolds (D:1)
  3 bats
  A frilled lizard (D:1)
  5 goblins
  5 rats
40 creatures vanquished.

Vanquished Creatures (collateral kills)
  An orc (D:3)
  A hobgoblin (D:1)
2 creatures vanquished.

Grand Total: 42 creatures vanquished

Notes
Turn   | Place    | Note
-------+----------+-------------------------------------------
     0 | D:1      | dysrexia the Octopode Transmuter began the quest for the Orb.
     0 | D:1      | Reached XP level 1. HP: 13/13 MP: 3/3
   467 | D:1      | Reached XP level 2. HP: 18/18 MP: 3/5
   488 | D:1      | Learned a level 2 spell: Sticks to Snakes
  1519 | D:1      | Reached XP level 3. HP: 21/23 MP: 6/6
  1535 | D:2      | Learned a level 3 spell: Spider Form
  2065 | D:2      | Reached skill level 1 in Poison Magic
  2560 | D:3      | Reached XP level 4. HP: 5/28 MP: 7/7
  2570 | D:3      | Killed from afar by an orc wizard

Skill      XL: |  1  2  3 |
---------------+----------+-----
Transmutations | 3 |  3.4
Poison Magic   | 1 |  1.0
Fighting       | |  1.0
Dodging        | |  2.0
Unarmed Combat | |  3.6
Spellcasting   | |  2.0

Action                   |  1- 3 |  4- 6 || total
-------------------------+-------+-------++-------
Melee: Unarmed           |    87 |     3 ||    90
       Constrict         |    25 |     1 ||    26
       Tentacles         |    14 |     1 ||    15
       Kick              |    13 |     1 ||    14
       Punch             |     2 |       ||     2
 Cast: Beastly Appendage |    14 |       ||    14
       Sticks to Snakes  |     4 |       ||     4
  Use: Scroll            |     9 |       ||     9
       Potion            |       |     1 ||     1
 Stab: Sleeping          |     4 |       ||     4
  Eat: Chunk             |     5 |       ||     5
Armor: Skin              |     7 |     1 ||     8
Dodge: Dodged            |    55 |     5 ||    60
